 Dungeon Crawl Stone Soup version 0.32-a0-42-ga30500b4d3 (webtiles) character file.

Game seed: 4886638058943231032

1108 IdlyInterested the Shield-Bearer (level 8, -6/52 HPs)
             Began as an Octopode Fighter on Jan 29, 2024.
             Killed by vampiric draining
             ... invoked by a vampire
              (18 damage)
             ... on level 5 of the Dungeon.
             The game lasted 00:13:20 (4917 turns).

IdlyInterested the Shield-Bearer (Octopode Fighter) Turns: 4917, Time: 00:13:21

Health: -6/52      AC:  1    Str: 15 (18) XL:     8   Next: 33%
Magic:  18/18      EV: 16    Int:  8 (10) God:
Gold:   344        SH:  9    Dex:  8 (11) Spells: 9/9 levels left

rFire   . .          .
                       - Unarmed
rCold   + . .        x - +0 kite shield
rNeg    . . .        (helmet restricted)
rPois   .            u - amulet of the acrobat
rElec   .            c - ring of magical power
rCorr   .            t - +5 ring of evasion
SInv    +            z - ring of protection from fire
Will    .....        f - ring of ice
Stlth   ++           l - ring of see invisible
HPRegen 0.28/turn    (no ring)
MPRegen 0.16/turn    (no ring)
                     (no ring)

%: acrobat
@: mighty, studying Fighting
A: almost no armour, amphibious, 8 rings, camouflage 1, gelatinous body 1,
(nimble swimmer 1), tentacles
a: no special abilities


You were on level 5 of the Dungeon.
You visited 1 branch of the dungeon, and saw 5 of its levels.

You collected 344 gold pieces.

Inventory:

Hand Weapons
 h - a +0 rapier
 j - a +1 dagger of freezing
Missiles
 e - 17 stones
 m - a boomerang
 o - 9 poisoned darts (quivered)
Armour
 a - a +0 buckler
 x - a +0 kite shield (worn)
Magical Staves
 d - a staff of air
 i - a staff of cold
Jewellery
 c - a ring of magical power (left tentacle)
 f - a ring of ice (on tentacle)
 l - a ring of see invisible (on tentacle)
 t - a +5 ring of evasion (right tentacle)
 u - an amulet of the acrobat (around mantle)
 z - a ring of protection from fire (on tentacle)
Wands
 p - a wand of polymorph (4)
Scrolls
 g - 2 scrolls of poison
 n - a scroll of acquirement {unknown}
 q - a scroll of fog {unknown}
 s - 3 scrolls of immolation
 v - a scroll of teleportation {unknown}
 w - a scroll of revelation {unknown}
 y - a scroll of fear
 A - a scroll of noise
 B - a scroll of enchant armour {unknown}
Potions
 k - a potion of cancellation


   Skills:
 - Level 3.0 Fighting
 - Level 1.0 Short Blades
 + Level 1.2 Staves
 - Level 1.0 Throwing
 - Level 3.0 Dodging
 - Level 1.0 Stealth
 * Level 7.7 Shields
 + Level 5.3 Unarmed Combat
 - Level 1.0 Spellcasting
 - Level 1.0 Ice Magic
 - Level 1.0 Air Magic
 - Level 1.0 Evocations
 - Level 1.0 Shapeshifting


You had 9 spell levels left.
You didn't know any spells.
Your spell library contained the following spells:

 Spells                   Type           Power      Damage    Failure   Level
 Apportation              Tloc           0%         N/A       67%         1
 Jinxbite                 Hex            0%         N/A       82%         2
 Summon Ice Beast         Ice/Summ       1%         N/A       93%         3
 Call Canine Familiar     Summ           0%         N/A       96%         3
 Dazzling Flash           Conj/Hex       0%         N/A       96%         3
 Sigil of Binding         Hex            0%         N/A       96%         3
 Volatile Blastmotes      Fire/Tloc      0%         2d10      96%         3
 Dimensional Bullseye     Hex/Tloc       0%         N/A       100%        4
 Alistair's Intoxication  Alch           0%         N/A       100%        5
 Summon Mana Viper        Hex/Summ       0%         N/A       100%        5
 Starburst                Conj/Fire      0%         6d3       100%        6
 Monstrous Menagerie      Summ           0%         N/A       100%        7
 Maxwell's Capacitive Co  Air            1%         ∞         100%        8


Dungeon Overview and Level Annotations

Branches:
Dungeon (5/15)
 Temple: D:4-7

Altars:


Innate Abilities, Weirdness & Mutations

You cannot wear most types of armour.
You are amphibious.
You can wear up to eight rings at the same time.
Your skin changes colour to match your surroundings (Stealth+).
Your rubbery body absorbs attacks. (AC +1, EV +1)
((You are camouflaged when in or above water. (Stealth+)))
You have tentacles for arms and can constrict up to eight enemies at once.


Message History

B - a scroll labelled BAPSEDOMO A vampire comes into view.
You feel very mighty all of a sudden.
Found a book of Spatial Translocations.
The vampire gestures at you while chanting.
You are confused.
You tentacle-slap the vampire. You squeeze the vampire.
The vampire is lightly damaged.
The vampire hits you! The vampire misses you.
You miss the vampire.
The vampire is lightly damaged.
The vampire barely misses you. The vampire bites you!
The vampire draws strength from your injuries!
You bump into the rock wall.
The vampire closely misses you. The vampire bites you.
The vampire draws strength from your injuries!
You tentacle-slap the vampire. Your squeeze misses the vampire.
The vampire is lightly damaged.
The vampire hits you! The vampire completely misses you.
You bludgeon the vampire! You squeeze the vampire!
The vampire is severely damaged.
You feel less confused. The vampire completely misses you.
The vampire bites you.
* * * LOW HITPOINT WARNING * * *
The vampire draws strength from your injuries!
It was a potion of degeneration.
There was something very wrong with that liquid.
You feel weakened.
You feel dopey.
You feel clumsy. The vampire misses you. The vampire closely misses you.
You closely miss the vampire. Your grab misses the vampire.
You tentacle-slap the vampire, but do no damage.
Your squeeze misses the vampire.
The vampire is severely damaged.
You block the vampire's attack. The vampire bites you.
* * * LOW HITPOINT WARNING * * *
The vampire draws strength from your injuries!
You bludgeon the vampire! Your grab misses the vampire.
The vampire is almost destroyed.
The vampire draws life force from you!!
You die...

.##..#.##....####....)....###.#..
......<..#........####.#.## ##...
.##..#.#..#.####..###...#.###.#..
...........................#.###.
#.........#.####..###...##...# #.
###.##..#.#.# #..# ##.###.#.# #.
# #.##..#.#># #..# #.# #.#.# #.
###.........# #..# #.# #.#.# #.
....###.#.### #@.# #.# ....# .
##..###)#.# #V.# #.. .....
###.......# #..# ###...#.# #
#####.#.# ##.# ..##.# ## #.#.# :#
.######.#.# .#
.#......#.#######.#
..................#
#..################


You could see a vampire.

Vanquished Creatures
  Sigmund (D:2)
  An ice beast (D:5)
  2 ogres (D:5)
  A phantom (D:5)
  2 scorpions
  2 bombardier beetles
  2 hounds
  An orc priest (D:3)
  2 orc wizards (D:3)
  3 iguanas
  Robin (D:4)
  8 adders
  A white imp (D:5)
  A ribbon worm (D:3)
  2 dart slugs
  19 orcs
  6 bats
  6 endoplasms
  A giant cockroach (D:1)
  15 goblins
  13 hobgoblins
  5 quokkas
  8 ball pythons
  3 frilled lizards
  4 kobolds
  7 rats
117 creatures vanquished.

Notes
Turn   | Place    | Note
-------+----------+-------------------------------------------
     0 | D:1      | IdlyInterested the Octopode Fighter began the quest for the
                  | Orb.
     0 | D:1      | Reached XP level 1. HP: 16/16 MP: 1/1
   242 | D:1      | Reached skill level 1 in Stealth
   242 | D:1      | Reached XP level 2. HP: 13/21 MP: 2/2
   648 | D:1      | Reached XP level 3. HP: 23/26 MP: 3/3
   773 | D:1      | Found a faded altar of an unknown god.
  1554 | D:2      | Reached skill level 1 in Throwing
  1798 | D:2      | Noticed Sigmund
  1805 | D:2      | Killed Sigmund
  1806 | D:2      | Reached skill level 1 in Staves
  1806 | D:2      | Reached skill level 5 in Shields
  1806 | D:2      | Reached XP level 4. HP: 16/31 MP: 4/4
  1806 | D:2      | Reached XP level 5. HP: 19/36 MP: 5/5
  2074 | D:3      | Reached XP level 6. HP: 18/42 MP: 6/6
  2535 | D:3      | Reached skill level 1 in Short Blades
  2706 | D:3      | HP: 1/42 [orc priest/+0 club (5)]
  3154 | D:4      | You fall into a shaft and drop 1 floor!
  3154 | D:5      | Entered Level 5 of the Dungeon
  3172 | D:5      | Reached skill level 6 in Shields
  3172 | D:5      | Reached skill level 1 in Spellcasting
  3172 | D:5      | Reached XP level 7. HP: 32/46 MP: 8/8
  3183 | D:5      | Reached skill level 1 in Ice Magic
  3556 | D:4      | Noticed Robin
  3582 | D:4      | Killed Robin
  3848 | D:4      | Reached skill level 1 in Air Magic
  3983 | D:4      | Reached skill level 7 in Shields
  4474 | D:5      | Reached skill level 1 in Evocations
  4501 | D:5      | Reached skill level 5 in Unarmed Combat
  4501 | D:5      | Reached XP level 8. HP: 44/52 MP: 9/9
  4598 | D:5      | Reached skill level 1 in Shapeshifting
  4901 | D:5      | Noticed a vampire
  4917 | D:5      | Killed from afar by a vampire

Illustrated notes

Levels and vault maps discovered:
D:1:      shiori_arrival_whats_in_store_for_you, layout_basic,
          shapermc_ecumenical_altar_flowoftime, ebering_dispersal_statue_hall
D:2:      layout_loops_ring, uniq_sigmund
D:3:      layout_rooms, serial_glass, glass_columns_a, glass_columns_a,
          minmay_fractal_squares_5
D:4:      layout_loops_ring, minmay_manual_macuahuitl, uniq_robin
D:5:      layout_loops_ring, nrook_loot_triangle

Skill      XL: |  1  2  3  4  5  6  7  8 |
---------------+-------------------------+-----
Stealth        | 1 |  1.0
Throwing       | 1 |  1.0
Staves         | 1 |  1.2
Shields        | 5 6 7 |  7.7
Unarmed Combat | 3 4 5 |  5.3
Short Blades   | 1 |  1.0
Spellcasting   | 1 |  1.0
Ice Magic      | 1 |  1.0
Air Magic      | 1 |  1.0
Evocations     | 1 |  1.0
Shapeshifting  | 1 |  1.0
Fighting       | |  3.0
Dodging        | |  3.0

Action                     |  1- 3 |  4- 6 |  7- 9 || total
---------------------------+-------+-------+-------++-------
  Melee: Unarmed           |    79 |    94 |   128 ||   301
         Tentacles         |    21 |    26 |    37 ||    84
         Constrict         |    18 |    28 |    30 ||    76
         Punch             |     1 |     3 |     5 ||     9
  Throw: Stone             |       |    17 |     1 ||    18
    Use: Potion            |     1 |     3 |     2 ||     6
         Scroll            |     1 |       |     3 ||     4
   Stab: Sleeping          |     9 |       |     6 ||    15
         Distracted        |       |     1 |     1 ||     2
 Armour: Skin              |    24 |    33 |    35 ||    92
  Dodge: Dodged            |    32 |    46 |    64 ||   142
  Block: Buckler           |    10 |    17 |     8 ||    35
         Kite shield       |       |       |    30 ||    30

Table legend: (Time is in decaauts)
 A = Elapsed time spent in this place.
 B = Non-inter-level travel time spent in this place.
 C = Inter-level travel time spent in this place.
 D = Time resting spent in this place.
 E = Time spent auto-exploring this place.
 F = Levels seen in this place.
 G = Mean time per level.
                   A        B        C        D        E       F      G
               +--------+--------+--------+--------+--------+-----+--------+
         Total |   4899 |   4744 |    155 |   1211 |   2487 |   5 |  979.8 |
       Dungeon |   4899 |   4744 |    155 |   1211 |   2487 |   5 |  979.8 |
               +--------+--------+--------+--------+--------+-----+--------+

Top non-repeatable levels by time:
     D:1: 1238 daAuts
     D:3: 1068 daAuts
     D:4: 981 daAuts
     D:2: 820 daAuts
     D:5: 791 daAuts
